 Dungeon Sprint DCSS version 0.30-a0-51-g784eafce7f (webtiles) character file.

Game seed: 11622756525993247742

282 Ankalagon the Basher (level 5, -8/36 HPs)
             Began as a Demigod Wanderer on Sept 5, 2022.
             Mangled by a neqoxec (10 damage)
             ... in the Dungeon (Sprint II: "The Violet Keep of Menkaure").
             The game lasted 00:01:50 (262 turns).

Ankalagon the Basher (Demigod Wanderer)              Turns: 262, Time: 00:01:50

Health: -8/36      AC:  8    Str: 17      XL:     5   Next: 77%
Magic:  9/9        EV:  9    Int: 10 (13) God:
Gold:   243        SH:  0    Dex: 12      Spells: 5/6 levels left

rFire   . . .      SeeInvis .    a - +0 club
rCold   . . .      Faith    .    (no shield)
rNeg    . . .      Spirit   .    d - +2 scale mail
rPois   .          Reflect  .    (no helmet)
rElec   .          Harm     .    (no cloak)
rCorr   .          Rampage  .    (no gloves)
Will    .....      NoTele   +    (no boots)
Stlth   ..........               (no amulet)
HPRegen 0.12/turn                (no ring)
MPRegen 0.11/turn                (no ring)

@: no status effects
A: high MP 1, forlorn, divine attributes, clumsy 1, frail 1, screaming 1, wild
magic 1
a: no special abilities


You were in the Dungeon.
You visited 1 branch You collected 243 gold pieces.

Inventory:

Hand Weapons
 a - a +0 club (weapon)
Armour
 d - a +2 scale mail (worn)
Scrolls
 b - a scroll of fog
 c - a scroll of fear
 j - a scroll of blinking
Potions
 h - 2 potions of magic


   Skills:
 - Level 1.0 Fighting
 + Level 11.5 Maces & Flails
 + Level 2.6 Armour
 - Level 1.0 Spellcasting
 - Level 3.6 Poison Magic
 - Level 1.0 Evocations


You had 5 spell levels left.
You knew the following spells:

 Your Spells              Type           Power      Damage    Failure   Level
a - Sting                 Tmut/Pois      20%        1d4       58%         1

Your spell library contained the following spells:

 Spells                   Type           Power      Damage    Failure   Level
 Ignite Poison            Fire/Tmut/Pois 3%         N/A       95%         3


Dungeon Overview and Level Annotations

Branches:
Dungeon (1/1)


Innate Abilities, Weirdness & Mutations

You have an increased reservoir of magic. (+10% MP)
You shall have no god before yourself.
Your divine heritage dramatically boosts your attributes as you level up.
You are clumsy. (Dex -2)
You are frail. (-10% HP)
You occasionally shout uncontrollably at your foes.
Your spells are a little harder to cast, but a little more powerful.


Message History

You hit the neqoxec.
The neqoxec is moderately wounded.
The neqoxec hits you but does no damage.
You hit the neqoxec.
The neqoxec is moderately wounded.
The neqoxec hits you.
You hit the neqoxec but do no damage.
The neqoxec is moderately wounded.
You hit the neqoxec but do no damage.
The neqoxec is moderately wounded.
The neqoxec gestures at you.
Strange energies course through your body.
You feel less in control of your magic.
You closely miss the neqoxec.
The neqoxec is moderately wounded.
The neqoxec hits you!
You hit the neqoxec but do no damage.
The neqoxec is moderately wounded.
The neqoxec hits you but does no damage.
You hit the neqoxec.
The neqoxec is moderately wounded.
The neqoxec attacks as you move away! The neqoxec hits you.
* * * LOW HITPOINT WARNING * * *
Okay, then.
Okay, then.
You hit the neqoxec but do no damage.
The neqoxec is moderately wounded.
The neqoxec gestures at you.
Strange energies course through your body.
You feel frail.
You hit the neqoxec.
The neqoxec is heavily wounded.
The neqoxec hits you.
* * * LOW HITPOINT WARNING * * *
You hit the neqoxec.
The neqoxec is heavily wounded.
You barely miss the neqoxec.
The neqoxec is heavily wounded.
The neqoxec hits you!
You die... ## ## ##. .## ## .. .. .# B#B

### .##
#+###.##..#
##.##.3†#..#
+.<.÷##@+..#
##.##...#..§.#
#'###.##......~
.## ### ~.§...~
.# ~~~~..~ ##
~~§~§.~ §§§~~~~
≈§§§~~~


You could see a neqoxec.

Vanquished Creatures
  Menkaure (D)
  A water moccasin (D)
  4 necrophages (D)
6 creatures vanquished.

Notes
Turn   | Place    | Note
-------+----------+-------------------------------------------
     0 | D        | Ankalagon the Demigod Wanderer began the quest for the Orb.
     0 | D        | Ankalagon set off with the following items: a +0 club, a
                  | scroll of fog, a scroll of fear, a +2 scale mail, a potion
                  | of curing, a potion of heal wounds, a potion of haste, 2
                  | potions of magic, a potion of berserk rage, a scroll of
                  | blinking; and the following spell memorised: Sting; and the
                  | following spells available to memorise: Ignite Poison.
     0 | D        | Reached XP level 1. HP: 16/16 MP: 4/4
     1 | D        | Noticed a boulder beetle
     1 | D        | Noticed a boulder beetle
     4 | D        | Noticed a necrophage
     4 | D        | Noticed a necrophage
     4 | D        | Noticed a necrophage
     4 | D        | Noticed a necrophage
    13 | D        | Killed a necrophage
    14 | D        | Reached skill level 6 in Maces & Flails
    14 | D        | Reached XP level 2. HP: 12/23 MP: 5/5
    14 | D        | Reached XP level 3. HP: 15/28 MP: 6/6
    19 | D        | Killed a necrophage
    20 | D        | Reached skill level 8 in Maces & Flails
    20 | D        | Reached XP level 4. HP: 14/35 MP: 8/8
    22 | D        | Killed a necrophage
    23 | D        | Reached skill level 10 in Maces & Flails
    23 | D        | Reached XP level 5. HP: 16/40 MP: 9/9
    27 | D        | Reached skill level 11 in Maces & Flails
    33 | D        | Noticed Menkaure
    33 | D        | Noticed a water moccasin
    37 | D        | Killed Menkaure
    45 | D        | Killed a water moccasin
   226 | D        | Noticed a neqoxec
   233 | D        | Gained mutation: You are clumsy. (Dex -2) [a neqoxec]
   240 | D        | Gained mutation: You occasionally shout uncontrollably at
                  | your foes. [a neqoxec]
   254 | D        | Gained mutation: Your spells are a little harder to cast,
                  | but a little more powerful. [a neqoxec]
   259 | D        | Gained mutation: You are frail. (-10% HP) [a neqoxec]
   262 | D        | Mangled by a neqoxec

Illustrated notes

Levels and vault maps discovered:
D:        the_violet_keep_of_menkaure [sprint2_stairs_cluster_1,
          sprint2_shoproom, sprint2_temple, sprint2_basic_supplies,
          sprint2_obstacle_1, sprint2_obstacle_7, sprint2_obstacle_3,
          sprint2_obstacle_5, sprint2_obstacle_4, sprint2_timed_cluster_1,
          sprint2_smallroom_cluster_1, sprint2_smallroom_final_cluster_1,
          sprint2_transparent_cluster_1, sprint2_second_timed_cluster_1,
          sprint2_sniper_area_1, sprint2_heavy_combat_area_1,
          sprint2_mutation_trap_area_1, sprint2_forest_area_1,
          sprint2_light_combat_area_1, sprint2_behind_water_1,
          sprint2_near_end_vault_1]

Skill      XL: |  1  2  3  4  5 |
---------------+----------------+-----
Maces & Flails | 6 8 10 11 | 11.5
Fighting       | |  1.0
Armour         | |  2.6
Spellcasting   | |  1.0
Poison Magic   | |  3.6
Evocations     | |  1.0

Action                   |  1- 3 |  4- 6 || total
-------------------------+-------+-------++-------
Melee: Club              |    13 |    45 ||    58
  Use: Potion            |     1 |     3 ||     4
Armor: Scale mail        |     3 |     6 ||     9
Dodge: Dodged            |     1 |    10 ||    11

Table legend: (Time is in decaauts)
 A = Elapsed time spent in this place.
 B = Non-inter-level travel time spent in this place.
 C = Inter-level travel time spent in this place.
 D = Time resting spent in this place.
 E = Time spent auto-exploring this place.
 F = Levels seen in this place.
 G = Mean time per level.
                   A        B        C        D        E       F      G
               +--------+--------+--------+--------+--------+-----+--------+
         Total |    243 |    243 |      0 |    164 |      0 |   1 |  243.0 |
       Dungeon |    243 |    243 |      0 |    164 |      0 |   1 |  243.0 |
               +--------+--------+--------+--------+--------+-----+--------+

Top non-repeatable levels by time:
       D: 243 daAuts
